 Dungeon Crawl Stone Soup version 0.30-a0-373-gd37427bb62 (console) character file.

Game seed: 2327595541651470414

3844 petzl the Covert (level 10, 0/74 (77) HPs)
             Began as a Formicid Delver on Nov 24, 2022.
             Was a Believer of Vehumet.
             Slain by an orc warrior
             ... wielding a +0 glaive
              (18 damage)
             ... in a bailey.
             The game lasted 00:37:37 (9145 turns).

petzl the Covert (Formicid Delver)                  Turns: 9145, Time: 00:37:37

HP:   0/74 (77)     AC:  9    Str: 17    XL:     10   Next: 41%
MP:   21/21         EV: 14    Int: 12    God:    Vehumet [**....]
Gold: 98            SH:  0    Dex: 16    Spells: 21/23 levels left

rFire   . . .      SeeInvis +    b - +0 dagger (venom) {!f =f}
rCold   + + .      Faith    .    (no shield)
rNeg    + . .      Spirit   .    I - +2 leather armour {Will+}
rPois   +          Reflect  .    (helmet unavailable)
rElec   .          Harm     .    B - +2 ratskin cloak {*Rats rPois rN+ Str-1 Int-1 Dex+1}
rCorr   .          Rampage  .    p - +0 pair of gloves
Will    ++...                    (no boots)
Stlth   ++++......               (no amulet)
HPRegen 0.32/turn                z - ring of protection from cold
MPRegen 0.17/turn                H - ring of protection from cold

@: lightly drained
A: permanent stasis, dig shafts and tunnels, antennae 3, four strong arms
a: Dig, Renounce Religion


You were in a bailey.
You worshipped Vehumet.
Vehumet was pleased with you.
You visited 2 branches of the dungeon, and saw 9 of its levels.
You also visited: Bailey.

You collected 314 gold pieces.
You spent 216 gold pieces at shops.

Inventory:

Hand Weapons
 a - a +0 shortbow
 b - a +0 dagger of venom (weapon) {!f =f}
 c - the +3 woodcutter's axe {vorpal, !f =f}
   (You took it off a gnoll on level 5 of the Dungeon)

   It inflicts extra damage upon your enemies.
 o - a +1 dagger of freezing {!f =f}
 v - a +0 hand axe of flaming {!f =f}
 y - a +0 hand axe of flaming {!f =f}
 C - a +0 rapier
Missiles
 h - 4 poisoned darts
 r - 10 javelins
Armour
 p - a +0 pair of gloves (worn)
 B - the +2 ratskin cloak (worn) {*Rats rPois rN+ Str-1 Int-1 Dex+1}
   (You found it on level 4 of the Dungeon)

   When the wearer is hurt, rats may emerge from it to assist them.
   Str:       It affects your strength (-1).
   Int:       It affects your intelligence (-1).
   Dex:       It affects your dexterity (+1).
   rPois:     It protects you from poison.
   rN:        It protects you from negative energy.
 I - a +2 leather armour of willpower (worn)
 J - the +2 leather armour "Geprukeg" {*Corrode rF+ rC+++ Str+3}
   (You bought it in a shop on level 5 of the Dungeon)

   Str:       It affects your strength (+3).
   rF:        It protects you from fire.
   rC:        It renders you almost immune to cold.
   *Corrode:  It may corrode you when you take damage.
Jewellery
 z - a ring of protection from cold (left hand)
 H - a ring of protection from cold (right hand)
 K - an amulet of regeneration
Wands
 f - a wand of digging (3)
 s - a wand of iceblast (5)
 M - a wand of polymorph (8)
Scrolls
 d - 2 scrolls of magic mapping
 e - 3 scrolls of fear
 g - 3 scrolls of identify
 j - a scroll of enchant weapon
 n - a scroll of torment
 D - 2 scrolls of fog
 F - a scroll of poison
 G - 2 scrolls of amnesia
Potions
 i - 2 potions of magic {unknown}
 k - 3 potions of attraction {unknown}
 l - 3 potions of mutation {unknown}
 m - 7 potions of curing
 q - 3 potions of lignification {unknown}
 t - 2 potions of berserk rage {unknown}
 u - 2 potions of brilliance {unknown}
 w - a potion of degeneration {unknown}
 x - 3 potions of might {unknown}
 A - 2 potions of heal wounds {unknown}
 E - a potion of ambrosia {unknown}
 L - a potion of haste {unknown}
 N - a potion of invisibility {unknown}
 O - a potion of flight {unknown}


   Skills:
 - Level 6.6 Fighting
 - Level 2.0 Maces & Flails
 - Level 5.0 Ranged Weapons
 - Level 1.1 Armour
 - Level 5.0 Dodging
 - Level 9.0 Stealth
 - Level 7.3 Spellcasting
 + Level 5.8 Conjurations


You had 21 spell levels left.
You knew the following spells:

 Your Spells              Type           Power      Damage    Failure   Level
a - Searing Ray           Conj           36%        2d5       2%          2

Your spell library contained the following spells:

 Spells                   Type           Power      Damage    Failure   Level
 Beastly Appendage        Tmut           8%         N/A       19%         1
 Ensorcelled Hibernation  Hex/Ice        8%         N/A       28%         2
 Wereblood                Tmut           4%         N/A       28%         2
 Ozocubu's Armour         Ice            4%         N/A       50%         3
 Spider Form              Tmut/Pois      4%         N/A       50%         3
 Anguish                  Hex/Necr       2%         N/A       88%         4
 Ozocubu's Refrigeration  Ice            2%         4d7       100%        7


Dungeon Overview and Level Annotations

Branches:
Dungeon (8/15)             Temple (1/1) D:4          Bailey (1/1)
   Lair: D:8-11

Altars:
Ashenzari
Dithmenos
Elyvilon
Fedhas
Kikubaaqudgha
Makhleb
Nemelex Xobeh
Qazlal
Ru
Sif Muna
Trog
Vehumet
Xom
Yredelemnul
The Shining One

Shops:
D:2 :   D:5 *   D:7 !


Innate Abilities, Weirdness & Mutations

You cannot be hasted, slowed, berserked, paralysed or teleported.
You can dig through walls and to a lower floor.
You have a pair of large antennae on your head. (SInv)
Your four strong arms can wield two-handed weapons with a shield.


Message History

The orc warrior hits you with a +0 spear.
You slash the orc warrior!
You kill the orc warrior!
Vehumet accepts your kill.
Your +0 dagger of venom {!f =f} begins to drip with poison!
b - a +0 dagger of venom (weapon)
{!f =f} The orc warrior closely misses you.
You hit the orc warrior.
The orc warrior is poisoned.
The orc warrior is lightly wounded.
The orc warrior hits you with a +0 glaive.
You hit the orc warrior but do no damage.
The orc warrior is lightly wounded.
The orc warrior hits you with a +0 glaive!
* * * LOW HITPOINT WARNING * * *
You hit the orc warrior but do no damage.
The orc warrior looks as sick as possible!
The orc warrior is lightly wounded.
The orc warrior misses you.
You are already wielding that!
You closely miss the orc warrior.
The orc warrior is moderately wounded.
The orc warrior misses you.
You closely miss the orc warrior.
The orc warrior is moderately wounded.
The orc warrior closely misses you.
You hit the orc warrior but do no damage.
The orc warrior looks as sick as possible!
The orc warrior is moderately wounded.
The orc warrior closely misses you.
You closely miss the orc warrior.
The orc warrior is heavily wounded.
The orc warrior hits you with a +0 glaive!
* * * LOW HITPOINT WARNING * * *
You hit the orc warrior but do no damage.
The orc warrior looks as sick as possible!
The orc warrior is heavily wounded.
The orc warrior closely misses you.
You feel better.
The orc warrior hits you with a +0 glaive!!
You die...

####### ♣≈≈≈≈≈♣ ###
♣≈≈≈≈≈♣♣♣♣#@##
♣.≈≈≈≈≈..♣♣#o#
♣..≈≈≈≈≈..♣.##
####..≈≈≈≈.o{##
####.$#..≈≈≈≈≈..####
.....#...≈≈≈≈{....### {
...##...≈≈≈≈..♣♣)..♣♣♣
#.o#....≈≈≈≈.{♣......♣♣
#8.#...######)).......♣
#..#......o.o......∩..♣
#..'..................♣
#..'..................♣
#..#...............∩..♣
#8.#...######.........♣
#..#....≈≈≈≈.........♣♣
{{
...##.♣.≈≈≈≈..♣....♣♣♣
{{{.....#...≈≈≈≈.....###
####.$#..♣≈≈≈≈..♣.##
###..♣≈≈≈≈≈...#


You could see an orc warrior (extremely poisoned).

Vanquished Creatures
  4 yaks (D:8)
  Eustachio (D:5)
  6 orc warriors
  2 ice beasts (D:6)
  2 sky beasts (D:7)
  3 black bears
  An ogre (D:5)
  A centaur (D:6)
  2 phantoms (D:5)
  A kobold brigand (D:7)
  A gnoll sergeant (D:5)
  3 bullfrogs
  4 necrophages
  3 scorpions (D:5)
  5 hounds
  A jelly (D:7)
  A gnoll bouda (D:6)
  2 orc priests
  Ijyb (D:3)
  Terence (D:3)
  3 orc wizards
  17 gnolls
  9 adders
  A shadow imp (D:5)
  3 ufetubi
  A worm (D:4)
  A dart slug (D:1)
  23 orcs
  7 endoplasms
  3 giant cockroaches
  8 goblins
  8 hobgoblins
  4 jackals (D:2)
  6 quokkas
  6 ball pythons
  5 bats
  5 frilled lizards (D:1)
  13 kobolds
  2 rats
170 creatures vanquished.

Vanquished Creatures (collateral kills)
  A gnoll bouda (D:5)
  An orc priest (D:5)
  An orc wizard (D:4)
  2 gnolls (D:5)
  An orc (D:5)
6 creatures vanquished.

Grand Total: 176 creatures vanquished

Notes
Turn   | Place    | Note
-------+----------+-------------------------------------------
     0 | D:5      | petzl the Formicid Delver began the quest for the Orb.
     0 | D:5      | Reached XP level 1. HP: 18/18 MP: 1/1
    64 | D:5      | Reached skill level 1 in Spellcasting
    64 | D:5      | Reached XP level 2. HP: 23/24 MP: 1/3
   320 | D:1      | Reached XP level 3. HP: 22/29 MP: 5/5
  1006 | D:2      | Reached skill level 1 in Ranged Weapons
  1006 | D:2      | Reached XP level 4. HP: 23/36 MP: 6/6
  1256 | D:2      | Found Gimp's Vocational Training.
  1587 | D:3      | Reached XP level 5. HP: 25/42 MP: 8/8
  1681 | D:3      | Noticed Ijyb
  1701 | D:3      | Killed Ijyb
  1703 | D:3      | Noticed Terence
  1720 | D:3      | Killed Terence
  1906 | D:3      | Found a faded altar of an unknown god.
  2047 | D:4      | Found the +2 ratskin cloak {*Rats rPois rN+ Str-1 Int-1
                  | Dex+1}
  2148 | D:4      | Reached XP level 6. HP: 46/48 MP: 8/10
  2327 | D:3      | Found a basalt altar of Yredelemnul.
  3323 | D:4      | Reached XP level 7. HP: 54/54 MP: 10/12
  3415 | D:4      | Found a staircase to the Ecumenical Temple.
  3631 | Temple   | Entered the Ecumenical Temple
  3711 | Temple   | Became a worshipper of Vehumet
  3810 | D:5      | Reached skill level 7 in Stealth
  3842 | D:5      | Noticed Eustachio
  3856 | D:5      | Killed Eustachio
  4086 | D:5      | Reached XP level 8. HP: 40/61 MP: 14/14
  4324 | D:5      | Found Puacwori's Assorted Antiques.
  4327 | D:5      | Bought a scroll labelled QESAET OXUQ for 20 gold pieces
  4327 | D:5      | Bought a scroll labelled GEAZIN JECANO for 20 gold pieces
  4327 | D:5      | Bought a fine leather armour for 140 gold pieces
  4327 | D:5      | Identified the +2 leather armour "Geprukeg" {*Corrode rF+
                  | rC+++ Str+3} (You bought it in a shop on level 5 of the
                  | Dungeon)
  4769 | D:5      | Reached skill level 5 in Fighting
  4857 | D:5      | Reached skill level 5 in Spellcasting
  5234 | D:5      | Reached skill level 5 in Ranged Weapons
  5234 | D:5      | You fall into a shaft and drop 1 floor!
  5785 | D:5      | Reached skill level 8 in Stealth
  5785 | D:5      | Reached XP level 9. HP: 39/68 MP: 17/17
  6025 | D:5      | HP: 1/68 [gnoll/+0 halberd (9)]
  6026 | D:5      | Reached * piety under Vehumet
  6026 | D:5      | Offered knowledge of Shock by Vehumet.
  7640 | D:7      | Found an ancient bone altar of Kikubaaqudgha.
  7681 | D:7      | Found Kilul's Distillery.
  7684 | D:7      | Bought a potion of curing for 36 gold pieces
  7774 | D:7      | Reached skill level 9 in Stealth
  7783 | D:7      | Reached skill level 5 in Dodging
  7843 | D:7      | Offered knowledge of Searing Ray by Vehumet.
  7844 | D:7      | Reached skill level 1 in Armour
  7847 | D:7      | Learned a level 2 spell: Searing Ray
  8112 | D:7      | Reached skill level 1 in Conjurations
  8112 | D:7      | Reached XP level 10. HP: 77/77 MP: 21/21
  8350 | D:8      | Reached ** piety under Vehumet
  8595 | D:8      | Found a flagged portal.
  8617 | Bailey   | Entered a bailey
  8686 | Bailey   | Reached skill level 5 in Conjurations
  9145 | Bailey   | Slain by an orc warrior

Illustrated notes

Levels and vault maps discovered:
D:1:      zelgadis_glass_arrival_small, layout_rooms
D:2:      layout_basic, nicolae_shop_vocational
D:3:      layout_rooms, mainiacjoe_overflow_surrounded_room,
          hellmonk_ecumenical_altar_arch_garden, kennysheep_orc_chapel,
          uniq_ijyb, uniq_terence
D:4:      layout_loops_ring, minmay_temple_entry_mist, kennysheep_cross_room,
          hangedman_decor_peaks_small, minmay_between
D:5:      layout_basic, serial_shops, nicolae_shop_behind_doors,
          pf_guarded_unrand_woodcutter, uniq_eustachio
D:6:      layout_layer_cave
D:7:      layout_basic, kiku_gazebo_pond_becter, serial_shops,
          nicolae_shop_crystal
D:8:      layout_layer_cave, kennysheep_mini_moat,
          gammafunk_temple_overflow_statue, enter_bailey_3, uniq_erica
Temple:   eino_narrow_crystal_temple
Bailey:   bailey_polearm_elven_captive_hellmonk, bailey

Skill      XL: |  1  2  3  4  5  6  7  8  9 10 |
---------------+-------------------------------+-----
Spellcasting   | 1 2 3 4 5 7 |  7.3
Dodging        | 2 3 4 5 |  5.0
Ranged Weapons | 1 2 3 5 |  5.0
Fighting       | 4 5 6 |  6.6
Stealth        | 7 8 9 |  9.0
Armour         | 1 |  1.1
Conjurations   | 1 5 |  5.8
Maces & Flails | |  2.0

Action                   |  1- 3 |  4- 6 |  7- 9 | 10-12 || total
-------------------------+-------+-------+-------+-------++-------
Melee: Mace              |    37 |    49 |       |       ||    86
       Rapier            |       |    30 |       |       ||    30
       Dagger            |       |    55 |   313 |    60 ||   428
       Punch             |       |     1 |     7 |     2 ||    10
       Battleaxe         |       |       |    44 |    25 ||    69
 Fire: Sling             |    66 |   130 |   117 |       ||   313
       Shortbow          |       |       |    21 |    25 ||    46
 Abil: Shaft Self        |       |       |     1 |       ||     1
       Dig               |       |       |     1 |     1 ||     2
Evoke: Wand              |       |       |     1 |       ||     1
  Use: Scroll            |       |       |     8 |     1 ||     9
       Potion            |       |       |       |     1 ||     1
Armor: Leather armour    |    16 |    70 |   128 |    14 ||   228
Dodge: Dodged            |    54 |   125 |   282 |    69 ||   530

Table legend: (Time is in decaauts)
 A = Elapsed time spent in this place.
 B = Non-inter-level travel time spent in this place.
 C = Inter-level travel time spent in this place.
 D = Time resting spent in this place.
 E = Time spent auto-exploring this place.
 F = Levels seen in this place.
 G = Mean time per level.
                   A        B        C        D        E       F      G
               +--------+--------+--------+--------+--------+-----+--------+
         Total |   9214 |   8933 |    281 |   2364 |   4076 |  10 |  921.4 |
       Dungeon |   8595 |   8329 |    266 |   2007 |   4006 |   8 | 1074.4 |
        Temple |     95 |     80 |     15 |      0 |     70 |   1 |   95.0 |
        Bailey |    523 |    523 |      0 |    357 |      0 |   1 |  523.0 |
               +--------+--------+--------+--------+--------+-----+--------+

Top non-repeatable levels by time:
     D:5: 2146 daAuts
     D:6: 1634 daAuts
     D:4: 1186 daAuts
     D:3: 1066 daAuts
     D:7: 832 daAuts
     D:1: 728 daAuts
     D:2: 699 daAuts
  Bailey: 523 daAuts
     D:8: 300 daAuts
  Temple: 95 daAuts
